Map: Incorporeal LE

Players

Grampus - Winner!

  • Race: Zerg Zerg
  • League: Diamond
  • Spawn Location: 5:00

ManlyManMeat

  • Race: Zerg Zerg
  • League: Diamond
  • Spawn Location: 11:00

VOD

Have the link to the VOD?

Description

Time

  • Played on: July 5, 2025, 8:50 a.m.
  • Length: 9:34
Show
View Real Time Build Order
Export as new Build Order

Grampus Zerg - Winner!

Build Orders: Hatch First, Zergling Baneling 

Get SALT Encoding   

  12  0:01  Drone  
  13  0:07  Drone  
  14  0:14  Extractor  
  14  0:15  Drone  
  15  0:21  Overlord  
  15  0:40  Drone  
  16  0:45  Hatchery  
  16  0:49  Drone  
  16  0:53  Drone  
  16  0:55  Drone  
  18  1:07  Extractor  
  17  1:11  Spawning Pool  
  17  1:14  Drone  
  17  1:17  Drone  
  18  1:27  Drone  
  19  1:38  Drone  
  20  1:49  Overlord  
  20  1:58  Queen x2  
  20  2:00  Zergling x4  
  26  2:07  Drone  
  27  2:10  Drone  
  27  2:14  Metabolic Boost  
  28  2:18  Drone  
  29  2:26  Drone  
  29  2:28  Zergling x2  
  31  2:33  Zergling x2  
  32  2:38  Queen  
  32  2:40  Overlord  
  34  2:45  Baneling Nest  
  34  2:50  Zergling x2  
  34  3:01  Zergling x4  
  34  3:05  Zergling x4  
  38  3:08  Zergling x10  
  43  3:23  Drone  
  43  3:25  Overlord x2  
  44  3:44  Baneling x8  
  44  3:45  Zergling x2  
  44  3:46  Zergling x10  
  42  4:07  Zergling x12  
  46  4:11  Drone x3  
  45  4:32  Hatchery  
  37  4:56  Zergling x10  
  37  4:57  Zergling x14  
  46  5:11  Zergling x4  
  48  5:15  Baneling x3  
  48  5:16  Baneling x7  
  38  5:52  Zergling x12  
  38  5:53  Zergling x12  
  42  6:25  Zergling x16  
  48  6:41  Baneling  
  48  6:42  Baneling x8  
  47  6:55  Zergling x2  
  47  6:56  Zergling x16  
  52  7:16  Zergling x18  
  52  7:18  Baneling x4  
  51  7:57  Baneling x4  
  47  8:07  Zergling x28  
  50  8:21  Zergling x12  
  50  8:26  Roach Warren  
  51  8:28  Extractor  
  51  8:29  Zergling x2, Extractor  
  50  8:36  Extractor  
  50  8:37  Baneling x4  
  50  8:39  Drone  
  50  8:40  Drone x6  
  55  9:02  Zergling x12  
  57  9:03  Zergling x8  
  57  9:04  Baneling x3  
  61  9:14  Baneling  
Show
View Real Time Build Order
Export as new Build Order

ManlyManMeat Zerg 

Build Orders: Hatch First 

Get SALT Encoding   

  12  0:00  Drone  
  13  0:08  Drone  
  14  0:14  Extractor  
  14  0:17  Drone  
  15  0:25  Overlord  
  15  0:43  Drone  
  15  0:47  Hatchery  
  15  0:49  Drone  
  16  0:52  Drone  
  16  0:56  Drone  
  18  1:10  Extractor  
  17  1:12  Spawning Pool  
  17  1:15  Drone  
  17  1:20  Drone  
  18  1:26  Drone  
  19  1:40  Drone  
  20  1:59  Queen x2  
  20  2:00  Zergling x4  
  26  2:02  Overlord  
  26  2:09  Drone  
  26  2:10  Drone  
  26  2:13  Metabolic Boost  
  28  2:32  Drone x4  
  32  2:43  Overlord  
  32  2:45  Overlord  
  32  2:57  Baneling Nest, Drone  
  32  3:01  Hatchery  
  31  3:20  Zergling x2  
  31  3:21  Zergling x10  
  37  3:32  Drone x2  
  39  3:35  Roach Warren  
  39  3:36  Extractor  
  39  3:38  Zergling x4  
  39  3:46  Baneling  
  39  3:47  Baneling x2  
  39  3:56  Zergling x2  
  39  3:57  Zergling x10  
  39  4:01  Zergling x2  
  41  4:07  Queen  
  41  4:08  Zergling x2  
  42  4:10  Baneling x2  
  42  4:11  Baneling  
  42  4:23  Drone  
  38  4:49  Zergling x20  
  42  4:54  Zergling x4  
  42  4:58  Queen  
  43  5:04  Baneling  
  43  5:05  Baneling x2  
  43  5:06  Baneling  
  43  5:19  Zergling x6  
  41  5:37  Zergling x10  
  42  5:49  Zergling x2, Baneling x2  
  39  6:01  Zergling x2  
  39  6:02  Zergling x6  
  40  6:06  Zergling x2  
  41  6:16  Zergling x6  
  41  6:30  Zergling x8  
  41  6:32  Baneling  
  44  6:36  Baneling x2  
  44  6:41  Drone  
  40  7:04  Zergling x2  
  40  7:05  Zergling x16  
  40  7:06  Baneling  
  47  7:36  Drone x3  
  50  7:38  Roach Warren  
  46  7:53  Zergling x16  
  46  7:54  Roach x2  
  46  7:57  Roach  
  50  8:10  Zergling x10  
  50  8:18  Roach x2  
  42  8:30  Drone x3  
  45  8:44  Roach x2  
  46  8:53  Roach  
  46  8:54  Roach  
  46  9:01  Zergling x2  
  46  9:02  Zergling x2  
  38  9:13  Zergling x2, Roach x2  
Tags
 
Add a new tag
Caveats
  • Supply blocks, unpowered buildings, or Contaminate may cause inaccurate times.
  • Supply counts are checked every 10 seconds.